 Dungeon Crawl Stone Soup version 0.32-a0-931-g5a2cda0630 (webtiles) character file.

Game seed: 9084450218732982065

11547 Decritt the Fighter (level 11, -3/102 HPs)
             Began as a Mountain Dwarf Fighter on Apr 12, 2024.
             Was a Follower of the Shining One.
             Succumbed to orange demon's concentrated venom
             ... on level 2 of the Lair of Beasts on Apr 13, 2024.
             The game lasted 00:44:48 (12817 turns).

Decritt the Fighter (Mountain Dwarf Fighter)       Turns: 12817, Time: 00:44:49

Health: -3/102     AC: 21    Str: 24    XL:     11   Next: 50%
Magic:  16/16      EV:  6    Int:  8    God:    the Shining One [*.....]
Gold:   612        SH: 10    Dex:  9    Spells: 8/10 levels left

rFire   + . .        w - +0 morningstar
rCold   + . .        c - +0 buckler
rNeg    . . .        q - +1 plate armour
rPois   .            (no helmet)
rElec   .            u - scarf {rC+ rF+}
rCorr   .            (no gloves)
SInv    .            h - +1 pair of boots
Will    ++...        t - amulet of reflection Stlth
                     z - +4 ring of protection
HPRegen 0.37/turn    j - ring of willpower
MPRegen 0.15/turn

%: reflection
@: mighty, lethally poisoned (-3 -> -71), about to teleport, slowed, glowing,
very slow
A: runic magic, artefact enchanting
a: Renounce Religion, Divine Shield


You were on level 2 of the Lair of Beasts.
You worshipped the Shining One.
The Shining One was aware of your devotion.
You visited 3 branches of the dungeon, and saw 13 of its levels.
You also visited: Sewer.

You collected 612 gold pieces.

Inventory:

Hand Weapons
 w - a +0 morningstar (weapon)
Armour
 c - a +0 buckler (worn)
 h - a +1 pair of boots (worn)
 q - a +1 plate armour (worn)
 u - a scarf of resistance (worn)
Jewellery
 f - a ring of flight
 j - a ring of willpower (right hand)
 t - an amulet of reflection (around neck)
 x - a ring of ice
 y - an amulet of regeneration
 z - a +4 ring of protection (left hand)
Scrolls
 e - 4 scrolls of amnesia
 i - 3 scrolls of immolation
 m - 2 scrolls of poison
 o - a scroll of teleportation
 p - a scroll of revelation
 r - a scroll of identify
 s - 2 scrolls of enchant armour
Potions
 a - a potion of attraction
 b - 5 potions of mutation
 d - 2 potions of might
 g - a potion of resistance
 k - a potion of brilliance
 l - a potion of enlightenment
 n - a potion of cancellation


   Skills:
 * Level 11.2 Fighting
 - Level 7.9(9.8) Axes
 * Level 9.0(10.3) Maces & Flails
 * Level 8.8 Armour
 * Level 8.8 Shields
 + Level 2.0 Translocations
 * Level 7.4 Invocations


You had 8 spell levels left.
You knew the following spells:

 Your Spells              Type           Power      Damage    Failure   Level
a - Blink                 Tloc           6%         N/A       52%         2

Your spell library contained the following spells:

 Spells                   Type           Power      Damage    Failure   Level
 Lesser Beckoning         Tloc           6%         N/A       52%         2
 Freeze                   Ice            0%         1d3       67%         1
 Momentum Strike          Conj/Tloc      2%         3d8       67%         2
 Maxwell's Portable Pile  Tloc           3%         2d(5-14)  77%         3
 Teleport Other           Tloc           3%         N/A       77%         3
 Ensorcelled Hibernation  Hex/Ice        0%         N/A       80%         2
 Static Discharge         Conj/Air       0%         3-3/arc   80%         2
 Volatile Blastmotes      Fire/Tloc      2%         2d10      88%         3
 Frozen Ramparts          Ice            0%         1d1       95%         3
 Fugue of the Fallen      Necr           0%         N/A       95%         3
 Hailstorm                Conj/Ice       0%         3d5       95%         3
 Iskenderun's Mystic Bla Conj/Tloc 1%             2d3        (+2d1     99%         4
 Airstrike                Air            0%         2d(0-16)  100%        4
 Anguish                  Hex/Necr       0%         N/A       100%        4
 Fulminant Prism          Conj/Alch      0%         3d5       100%        4
 Summon Lightning Spire   Summ/Air       0%         N/A       100%        4
 Arcjolt                  Conj/Air       0%         1d10      100%        5
 Dispersal                Tloc           1%         N/A       100%        6
 Gell's Gavotte           Tloc           1%         2d(12-17) 100%        6
 Maxwell's Capacitive Co  Air            0%         ∞         100%        8


Dungeon Overview and Level Annotations

Branches:
Dungeon (10/15)            Temple (1/1) D:6            Lair (2/5) D:9
 Shoals (0/4) Lair:2        Sewer (visited)
  Snake: Lair:2-3    Spider: Lair:2-3       Orc: D:9-12

Altars:
Ashenzari
Cheibriados
Dithmenos
Elyvilon
Fedhas
Gozag
Hepliaklqana
Kikubaaqudgha
Makhleb
Nemelex Xobeh
Okawaru
Ru
Sif Muna
Trog
Uskayaw
Vehumet
Wu Jian
Xom
Yredelemnul
The Shining One

Shops:
D:4 (

Annotations:
Lair:2 exclusion: oklob plant, Amaemon


Innate Abilities, Weirdness & Mutations

Your spellcasting is much less encumbered by armour.
You can use scrolls of enchantment on lesser artefacts.


Message History

You sock Amaemon!
Amaemon is heavily wounded.
You feel very sick.
The orange demon stings you but does no damage.
You block Amaemon's attack. Amaemon claws you but does no damage.
You block Amaemon's attack.
You sock Amaemon!
Amaemon is severely wounded.
You feel very sick. The orange demon stings you from afar!
* * * LOW HITPOINT WARNING * * *
You are lethally poisoned!
You have difficulty breathing.
* * * LOW HITPOINT WARNING * * *
You feel yourself slow down.
Amaemon gestures at the scorpion while chanting.
Okay, then.
As you read the scroll of teleportation, it crumbles to dust.
You feel strangely unstable.
* * * LOW HITPOINT WARNING * * *
You feel extremely sick.
The orange demon stings you but does no damage.
Amaemon hits you but does no damage.
You are more poisoned.
Amaemon claws you but does no damage.
Amaemon tail-slaps you but does no damage.
You feel much better.
* * * LOW HITPOINT WARNING * * *
You feel extremely sick.
The orange demon stings you but does no damage.
Amaemon gestures at the scorpion while chanting.
The scorpion's venom grows more potent.
The orange demon stings you from afar.
* * * LOW HITPOINT WARNING * * *
You are more poisoned.
You have difficulty breathing.
* * * LOW HITPOINT WARNING * * *
You feel as though you will be slow longer.
You block Amaemon's attack. Amaemon claws you but does no damage.
Amaemon tail-slaps you but does no damage.
You die...

#..#..........PP.....####
##..#......†.........##
#...+...P............#
###......P............###
#.#..#...................
##.......................
##.†....................
##...#.P...##+..........
#...#...^.....@#........
##.............#.....#
#..P...~...~..6s....#
#..##..~#.~~~~#4....#
#......~##~#.~##........
#........#~..~#.........
#P.......~.>..~.........
#.......~#..~~..........
##....P~##~~.~#.........


You could see Amaemon and an orange demon (curare).

Vanquished Creatures
  Pikel (D:8)
  3 black mambas (Lair:1)
  A rime drake (Lair:2)
  6 komodo dragons
  2 cane toads
  2 wraiths
  2 wyverns
  20 yaks
  2 basilisks (Lair:2)
  3 steam dragons
  5 water moccasins
  2 orc warriors
  Pargi (Sewer)
  An ice beast (D:8)
  A sky beast (D:7)
  A black bear (D:6)
  3 wolves (Lair:1)
  A centaur (D:6)
  A phantom (D:5)
  2 lemures (D:8)
  4 kobold brigands
  A brain worm (Sewer)
  2 gnoll sergeants
  3 bullfrogs
  4 wights (D:8)
  4 howler monkeys
  3 bombardier beetles
  2 hounds
  A jelly (D:7)
  A gnoll bouda (D:5)
  7 orc priests
  A sleepcap (D:4)
  2 iguanas
  11 orc wizards
  18 gnolls
  7 adders
  A white imp (D:5)
  4 ufetubi (D:7)
  2 dart slugs
  5 ribbon worms (D:2)
  27 orcs
  5 endoplasms
  3 giant cockroaches
  3 goblins (D:2)
  6 hobgoblins
  4 jackals (D:1)
  2 quokkas (D:2)
  6 ball pythons
  4 bats
  5 frilled lizards
  30 kobolds
  4 rats
242 creatures vanquished.

Notes
Turn   | Place    | Note
-------+----------+-------------------------------------------
     0 | D:1      | Decritt the Mountain Dwarf Fighter began the quest for the
                  | Orb.
     0 | D:1      | Reached XP level 1. HP: 19/19 MP: 1/1
    33 | D:1      | Reached XP level 2. HP: 13/26 MP: 2/2
   709 | D:2      | Found a faded altar of an unknown god.
   844 | D:2      | Reached XP level 3. HP: 33/33 MP: 3/3
  1042 | D:2      | Reached skill level 4 in Fighting
  1175 | D:2      | Reached XP level 4. HP: 30/40 MP: 4/4
  1714 | D:3      | Found a glowing drain.
  1729 | Sewer    | Entered a sewer
  1821 | Sewer    | Noticed a kobold brigand
  1851 | Sewer    | Killed a kobold brigand
  1852 | Sewer    | Reached XP level 5. HP: 47/47 MP: 5/5
  1877 | Sewer    | Noticed Pargi
  1895 | Sewer    | Killed Pargi
  1896 | Sewer    | Reached skill level 5 in Fighting
  1896 | Sewer    | Reached XP level 6. HP: 31/56 MP: 6/6
  2026 | Sewer    | Reached skill level 5 in Axes
  2230 | D:3      | Identified the +0 robe "Kaxi Ked" {*Corrode ^Drain Int+8}
  2287 | D:3      | Found a hazy altar of Hepliaklqana.
  2847 | D:4      | Reached XP level 7. HP: 62/62 MP: 7/7
  3166 | D:4      | Found Vaocem's Antique Weapon Emporium.
  3565 | D:4      | Found a sacrificial altar of Ru.
  3572 | D:4      | Reached skill level 6 in Fighting
  3743 | D:5      | Entered Level 5 of the Dungeon
  3994 | D:5      | Reached skill level 5 in Shields
  4008 | D:5      | Reached skill level 1 in Maces & Flails
  4272 | D:5      | Identified the +9 hand axe "Uruyc" {pain, rElec Will+ SInv}
  4335 | D:5      | Reached skill level 5 in Armour
  4652 | D:6      | Found a hide-covered altar of Uskayaw.
  4657 | D:6      | Found an opulent altar of Gozag.
  4688 | D:6      | Found a staircase to the Ecumenical Temple.
  4697 | Temple   | Entered the Ecumenical Temple
  4757 | Temple   | Became a worshipper of Elyvilon the Healer
  5156 | D:6      | Reached XP level 8. HP: 47/71 MP: 8/8
  5361 | D:6      | Reached skill level 7 in Fighting
  5531 | D:7      | Reached * piety under Elyvilon
  6006 | D:7      | Found an ornate altar of the Wu Jian Council.
  6269 | D:6      | Reached skill level 8 in Fighting
  6586 | D:7      | Reached skill level 1 in Invocations
  6679 | D:7      | Reached XP level 9. HP: 74/81 MP: 10/10
  6758 | D:7      | Found a glowing golden altar of the Shining One.
  6763 | D:7      | Fell from the grace of Elyvilon
  6763 | D:7      | Became a worshipper of the Shining One
  6824 | D:7      | Found a shimmering altar of Xom.
  7091 | D:7      | Identified the +1 leather armour of the Comet {rElec rC-
                  | rCorr Str+3}
  8093 | D:8      | Noticed Pikel
  8128 | D:8      | Killed Pikel
  8129 | D:8      | Reached skill level 9 in Fighting
  8203 | D:8      | Found a bloodstained altar of Trog.
  8484 | D:9      | Reached skill level 5 in Maces & Flails
  8486 | D:9      | Found a staircase to the Lair.
  8649 | D:9      | Reached * piety under the Shining One
  9014 | D:8      | Reached XP level 10. HP: 41/91 MP: 13/13
  9734 | D:8      | Reached skill level 10 in Fighting
 10129 | D:10     | Entered Level 10 of the Dungeon
 10146 | D:10     | Reached skill level 5 in Invocations
 10186 | D:10     | Noticed a gargoyle
 10319 | Lair:1   | Entered Level 1 of the Lair of Beasts
 10726 | Lair:1   | Learned a level 2 spell: Blink
 10760 | Lair:1   | Noticed a cane toad
 10769 | Lair:1   | Killed a cane toad
 10839 | Lair:1   | Noticed a black mamba
 10845 | Lair:1   | Killed a black mamba
 10963 | Lair:1   | Noticed a black mamba
 10972 | Lair:1   | Killed a black mamba
 11146 | Lair:1   | Reached skill level 1 in Translocations
 11146 | Lair:1   | Reached XP level 11. HP: 65/101 MP: 15/15
 12199 | Lair:2   | Noticed a boulder beetle
 12200 | Lair:2   | Noticed an oklob plant
 12223 | Lair:2   | Reached skill level 11 in Fighting
 12789 | Lair:2   | Found a staircase to the Shoals.
 12795 | Lair:2   | Noticed Amaemon
 12817 | Lair:2   | Succumbed to orange demon's concentrated venom

Illustrated notes

Levels and vault maps discovered:
D:1:      dpeg_arrival_tiny_g, layout_basic
D:2:      minmay_door_path, layout_basic,
          chequers_ecumenical_altar_simple_redux, kennysheep_nub,
          minmay_tromino_v4_a
D:3:      layout_basic, nzn_hepliaklqana_mist_gate,
          cheibrodos_sewer_entry_drain, minmay_goblin_kobold_house
D:4:      layout_gridville, lemuel_coloured_pillars_altar, serial_shops, shop
D:5:      wad_lake_hut, layout_rooms, chequers_serial_rivers_micro_a
D:6:      layout_basic, mainiacjoe_overflow_big_doors,
          minmay_temple_entry_purple_smoke
D:7:      hellmonk_ruined_rings, layout_basic, nzn_wu_jian_contemplation,
          mainiacjoe_overflow_24_doors, kennysheep_little_box,
          grunt_ministairs_13, st_stairs_8, minivault_26
D:8:      layout_loops_ring, nicolae_overflow_crystal_walls, uniq_pikel
D:9:      layout_cave_pools, lair_entry_dummy, serial_library_hellmonk_junction
D:10:     layout_irregular_city, nicolae_qazlal_eye_of_the_storm,
          general_overflow_altar
Temple:   hellmonk_temple_flake
Lair:1:   hellmonk_destroyed_diamonds, layout_small_grid,
          chequers_serial_rivers_micro_b, serial_bayou_pond_a
Lair:2:   minmay_lair_oklob_chamber, layout_chaotic_city,
          elwin_shoals_entry_rocks, spider_nest_entry_funnel_web,
          grunt_megastairs_4, uniq_amaemon

Skill      XL: |  1  2  3  4  5  6  7  8  9 10 11 |
---------------+----------------------------------+-----
Axes           | 3 4 5 6 7 |  7.9
Fighting       | 4 5 6 8 9 10 11 | 11.2
Shields        | 4 5 6 7 8 |  8.8
Armour         | 4 5 6 7 8 |  8.8
Maces & Flails | 1 2 6 8 9 |  9.0
Invocations    | 1 4 6 7 |  7.4
Translocations | 1 2 |  2.0

Action                     |  1- 3 |  4- 6 |  7- 9 | 10-12 || total
---------------------------+-------+-------+-------+-------++-------
  Melee: War axe           |   109 |   184 |    58 |       ||   351
         Morningstar       |       |       |   347 |   273 ||   620
         Hand axe          |       |       |    19 |       ||    19
   Cast: Blink             |       |       |       |     1 ||     1
    Use: Scroll            |       |     5 |    11 |     4 ||    20
         Potion            |       |     1 |       |     3 ||     4
 Armour: Scale mail        |    61 |       |       |       ||    61
         Chain mail        |    59 |   172 |    18 |       ||   249
         Plate armour      |       |       |   430 |   241 ||   671
  Dodge: Dodged            |    54 |    64 |   106 |    52 ||   276
  Block: Buckler           |    28 |    39 |   211 |   135 ||   413
         Reflection        |       |       |     6 |     2 ||     8

Table legend: (Time is in decaauts)
 A = Elapsed time spent in this place.
 B = Non-inter-level travel time spent in this place.
 C = Inter-level travel time spent in this place.
 D = Time resting spent in this place.
 E = Time spent auto-exploring this place.
 F = Levels seen in this place.
 G = Mean time per level.
                   A        B        C        D        E       F      G
               +--------+--------+--------+--------+--------+-----+--------+
         Total |  13051 |  12621 |    430 |   3183 |   6517 |  14 |  932.2 |
       Dungeon |  10358 |   9950 |    408 |   2244 |   5466 |  10 | 1035.8 |
        Temple |     70 |     70 |      0 |      0 |      0 |   1 |   70.0 |
          Lair |   2276 |   2255 |     21 |    901 |    906 |   2 | 1138.0 |
         Sewer |    346 |    346 |      0 |     38 |    145 |   1 |  346.0 |
               +--------+--------+--------+--------+--------+-----+--------+

Top non-repeatable levels by time:
     D:8: 2312 daAuts
  Lair:1: 1624 daAuts
     D:7: 1370 daAuts
     D:6: 1142 daAuts
     D:4: 1134 daAuts
     D:2: 1008 daAuts
     D:9: 988 daAuts
     D:3: 878 daAuts
     D:5: 767 daAuts
     D:1: 669 daAuts
  Lair:2: 651 daAuts
   Sewer: 346 daAuts
    D:10: 86 daAuts
  Temple: 70 daAuts
